 Dungeon Crawl Stone Soup version 0.30.0-5-g1a98f26d00 (webtiles) character file.

Game seed: 12097909856119059769

135 jasper the Magician (level 4, -2/21 HPs)
             Began as a Spriggan Venom Mage on May 12, 2023.
             Killed by nerve-wracking pain
             ... invoked by an orc priest
              (10 damage)
             ... on level 3 of the Dungeon.
             The game lasted 00:05:33 (2775 turns).

jasper the Magician (Spriggan Venom Mage)           Turns: 2775, Time: 00:05:34

Health: -2/21      AC:  3    Str:  4    XL:     4   Next: 97%
Magic:  4/11       EV: 17    Int: 18    God:
Gold:   38         SH:  0    Dex: 15    Spells: 1/11 levels left

rFire   . . .        d - +1 dagger (venom)
rCold   . . .        (no shield)
rNeg    . . .        a - +0 robe
rPois   .            (helmet restricted)
rElec   .            g - +0 cloak
rCorr   .            (gloves unavailable)
SInv    +            (boots unavailable)
Will    .....        (no amulet)
Stlth   ++           (no ring)
HPRegen 0.23/turn    (no ring)
MPRegen 0.12/turn

%: no passive effects
@: very slightly contaminated, very quick
A: very small, no large weapons, unfitting armour, see invisible, speed 3
a: no special abilities


You were on level 3 of the Dungeon.
You visited 1 branch of the dungeon, and saw 4 of its levels.

You collected 113 gold pieces.
You spent 75 gold pieces at shops.

Inventory:

Hand Weapons
 d - a +1 dagger of venom (weapon)
 e - a +0 dagger
Armour
 a - a +0 robe (worn)
 f - a +0 buckler
 g - a +0 cloak (worn)
Jewellery
 n - an amulet of reflection
 q - a +6 ring of strength
Scrolls
 c - 3 scrolls of teleportation
 j - a scroll of butterflies
Potions
 b - a potion of magic
 h - a potion of heal wounds
 i - 3 potions of curing
 m - 2 potions of attraction {unknown}
 o - a potion of might
 p - a potion of haste {unknown}


   Skills:
 - Level 2.6 Dodging
 - Level 3.0 Stealth
 - Level 4.2 Spellcasting
 - Level 1.1 Conjurations
 - Level 1.3 Transmutations
 - Level 1.3 Air Magic
 + Level 4.1 Poison Magic


You had one spell level left.
You knew the following spells:

 Your Spells              Type           Power      Damage    Failure   Level
a - Sting                 Tmut/Pois      52%        1d5       4%          1
b - Poisonous Vapours     Pois/Air       26%        N/A       7%          2
c - Mephitic Cloud        Conj/Pois/Air  11%        N/A       17%         3
d - Olgreb's Toxic Radia  Pois           18%        N/A       26%         4

Your spell library contained the following spells:

 Spells                   Type           Power      Damage    Failure   Level
 Scorch                   Fire           6%         2d5       22%         2
 Flame Wave               Conj/Fire      5%         2d5       75%         4
 Summon Cactus Giant      Summ           1%         N/A       100%        6


Dungeon Overview and Level Annotations

Branches:
Dungeon (4/15)
 Temple: D:4-7

Altars:

Shops:
D:2 *


Innate Abilities, Weirdness & Mutations

You are very small and have problems with some larger weapons.
You are too small for most types of armour.
You have supernaturally acute eyesight. (SInv)
You cover ground extremely quickly. (Speed+++)


Message History

The orc barely misses you.
You hit the orc.
You kill the orc!
Things that are here:
a +0 trident; a +0 ring mail; an orc corpse An orc priest comes into view.
It is wielding a +0 mace.
An orc priest is nearby!
An orc priest is nearby!
Casting: Sting (safe; 4% risk of failure)
Confirm with . or Enter, or press ? or * to list all spells.
Aiming: Poisonous Vapours (safe; 7% risk of failure)
Press: ? - help, Dir - move target, f - orc priest
Aim: an orc priest, wielding a +0 mace (wandering, hasn't noticed you)
You miscast Poisonous Vapours.
You are very lightly contaminated with residual magic.
Nothing appears to happen.
The orc priest shouts!
The orc priest invokes the aid of Beogh against you.
Beogh smites you!
Ouch! That really hurt!
You take 13 damage, and have 8/21 hp.
MASSIVE DAMAGE!!
You now have 8/11 mp.
Casting: Poisonous Vapours (safe; 7% risk of failure)
Confirm with . or Enter, or press ? or * to list all spells.
Aiming: Poisonous Vapours (safe; 7% risk of failure)
Press: ? - help, Dir - move target, f/p - orc priest
Aim: an orc priest, wielding a +0 mace Poisonous vapours surround the orc priest!
The orc priest is poisoned.
The orc priest looks encouraged for a moment.
You now have 6/11 mp.
Casting: Poisonous Vapours (safe; 7% risk of failure)
Confirm with . or Enter, or press ? or * to list all spells.
Aiming: Poisonous Vapours (safe; 7% risk of failure)
Press: ? - help, Dir - move target, f/p - orc priest
Aim: an orc priest, wielding a +0 mace (poisoned) Poisonous vapours surround the orc priest!
The orc priest looks even sicker.
The orc priest invokes the aid of Beogh against you.
Pain shoots through your body!
You die...

###.# ....#..8..#[...#.## ....#
#..#.......#..#.#.#
###.############.##.##.######
#.......#.######...###
########.##..# ##.## ##.
#.#...####...####...# #
#w##$.†)....#........# ###
#.#.†.####).###..####.. ..#
#.##.......@..#.........
#o###.#)..##..####.(.####..##
.ooo###.## ##....##.##....##
†o..#############.....######### #
....'................o........##.
....####################.........
o...# #........> go..#
#####.......#. ....#
#...........#


You could see an orc priest (very poisoned).

Vanquished Creatures
  A hound (D:3)
  3 adders
  A worm (D:3)
  A dart slug (D:1)
  9 orcs (D:3)
  4 ball pythons
  3 bats
  4 endoplasms
  4 giant cockroaches
  6 goblins
  6 hobgoblins
  6 quokkas
  6 kobolds
  5 rats
59 creatures vanquished.

Vanquished Creatures (others)
  A goblin (D:1)
1 creature vanquished.

Grand Total: 60 creatures vanquished

Notes
Turn   | Place    | Note
-------+----------+-------------------------------------------
     0 | D:1      | jasper the Spriggan Venom Mage began the quest for the Orb.
     0 | D:1      | Reached XP level 1. HP: 9/9 MP: 5/5
   236 | D:1      | Reached XP level 2. HP: 13/13 MP: 4/7
   239 | D:1      | Learned a level 2 spell: Poisonous Vapours
  1268 | D:2      | Reached XP level 3. HP: 16/16 MP: 9/9
  1272 | D:2      | Learned a level 3 spell: Mephitic Cloud
  1632 | D:2      | Found Xaexomist's Assorted Antiques.
  1637 | D:2      | Bought a scroll labelled CEOTZI KEUMU for 25 gold pieces
  1637 | D:2      | Bought a scroll labelled XEITHU BEQA for 25 gold pieces
  1637 | D:2      | Bought a scroll labelled XEITHU BEQA for 25 gold pieces
  2281 | D:3      | Reached XP level 4. HP: 21/21 MP: 7/11
  2286 | D:3      | Learned a level 4 spell: Olgreb's Toxic Radiance
  2423 | D:3      | Reached skill level 1 in Air Magic
  2426 | D:3      | Reached skill level 1 in Conjurations
  2445 | D:4      | Noticed a scorpion
  2775 | D:3      | Killed from afar by an orc priest

Illustrated notes

Levels and vault maps discovered:
D:1:      amcnicky_arrival_blooded_trapdoor, layout_loops_ring,
          lemuel_flame_loot_1
D:2:      minmay_door_path, layout_rooms, serial_shops, shop
D:3:      wad_crossroads, layout_basic
D:4:      layout_cave_pools, grunt_ministairs_2, uniq_pikel

Skill      XL: |  1  2  3  4 |
---------------+-------------+-----
Spellcasting   | 3 4 |  4.2
Air Magic      | 1 |  1.3
Poison Magic   | 4 |  4.1
Conjurations   | 1 |  1.1
Dodging        | |  2.6
Stealth        | |  3.0
Transmutations | |  1.3

Action                     |  1- 3 |  4- 6 || total
---------------------------+-------+-------++-------
  Melee: Dagger            |    18 |    25 ||    43
   Cast: Sting             |    56 |    16 ||    72
         Poisonous Vapours |    20 |    12 ||    32
    Use: Scroll            |     9 |       ||     9
   Stab: Sleeping          |     1 |       ||     1
 Armour: Robe              |     4 |     7 ||    11
  Dodge: Dodged            |    21 |    42 ||    63
